Map: Crête de Lerilak

Players

Alex

  • Race: Zerg Zerg
  • League: Silver
  • Spawn Location: 7:00

zidar - Winner!

  • Race: Zerg Zerg
  • League: Silver
  • Spawn Location: 11:00

VOD

Have the link to the VOD?

Description

Time

  • Played on: Jan. 3, 2016, 3:43 p.m.
  • Length: 5:56
Show
View Real Time Build Order
Export as new Build Order

Alex Zerg 

Build Orders: Hatch First 

Get SALT Encoding   

  12  0:02  Drone  
  13  0:13  Overlord  
  13  0:21  Drone  
  14  0:32  Drone x2  
  14  0:35  Drone  
  17  0:53  Hatchery  
  16  0:59  Drone  
  16  1:00  Drone  
  18  1:05  Extractor  
  17  1:16  Spawning Pool  
  16  1:19  Drone  
  17  1:28  Overlord  
  17  1:33  Drone  
  18  1:45  Drone  
  19  2:02  Queen  
  19  2:04  Zergling x4  
  19  2:06  Metabolic Boost  
  23  2:14  Zergling x2  
  24  2:17  Drone  
  25  2:25  Queen  
  25  2:26  Drone x2  
  29  2:36  Zergling x2  
  31  2:37  Zergling x2  
  31  2:47  Drone x2  
  33  2:56  Baneling Nest  
  33  2:57  Drone x2  
  32  3:21  Zergling x8  
  36  3:45  Baneling x2  
  36  3:49  Overlord x2  
  34  4:10  Zergling x8  
  37  4:20  Roach Warren  
  37  4:21  Baneling x2  
  37  4:22  Baneling  
  36  4:25  Drone x2  
  36  4:26  Drone x5  
  43  4:33  Overlord  
  43  4:51  Extractor  
  42  4:53  Drone x3  
  42  4:54  Drone x4  
  42  4:56  Extractor, Hatchery  
  47  5:00  Queen  
  47  5:05  Drone  
  47  5:06  Drone x2  
  51  5:30  Overlord  
  51  5:31  Overlord  
Show
View Real Time Build Order
Export as new Build Order

zidar Zerg - Winner!

Build Orders: Pool First 

Get SALT Encoding   

  12  0:02  Drone  
  13  0:12  Overlord  
  13  0:17  Drone  
  14  0:30  Drone x2  
  14  0:34  Drone  
  17  0:47  Spawning Pool  
  16  0:50  Drone  
  17  1:14  Hatchery  
  17  1:16  Drone  
  17  1:20  Extractor  
  17  1:22  Drone  
  17  1:29  Drone  
  18  1:38  Queen  
  20  1:47  Overlord  
  20  1:50  Drone  
  21  2:08  Drone x2  
  23  2:18  Queen  
  24  2:40  Drone x5  
  29  3:00  Zergling x4  
  29  3:01  Zergling x6  
  34  3:07  Roach Warren  
  30  3:23  Queen  
  30  3:26  Metabolic Boost  
  32  3:33  Extractor  
  31  3:42  Zergling x6  
  31  3:43  Zergling x4  
  31  3:45  Overlord  
  31  3:46  Overlord  
  30  4:20  Roach x8  
  46  4:40  Roach  
  46  4:41  Roach x2  
  52  4:46  Overlord x2  
  52  5:11  Ravager  
  52  5:12  Ravager  
Tags
 
Add a new tag
Caveats
  • Supply blocks, unpowered buildings, or Contaminate may cause inaccurate times.
  • Supply counts are checked every 10 seconds.